 Seeded DCSS version 0.30.1-9-gdf580d7c3d (webtiles) character file.

Game seed: 9106806156630997546 (custom seed)

1502 Psyclone the Destroyer (level 8, 0/50 HPs)
             Began as a Deep Elf Conjurer on Oct 7, 2023.
             Was an Initiate of Gozag.
             Killed from afar by an orc wizard (6 damage)
             ... with a puff of flame
             ... on level 5 of the Dungeon on Oct 8, 2023.
             The game lasted 00:12:23 (3068 turns).

Psyclone the Destroyer (Deep Elf Conjurer)          Turns: 3068, Time: 00:12:23

Health: 0/50       AC:  3    Str:  4    XL:     8   Next: 52%
Magic:  1/23       EV: 20    Int: 26    God:    Gozag
Gold:   227        SH:  0    Dex: 13    Spells: 14/25 levels left

rFire   . . .        a - +1 short sword (speed)
rCold   . . .        (no shield)
rNeg    . . .        r - +0 robe
rPois   +            (no helmet)
rElec   .            (no cloak)
rCorr   .            n - +0 pair of gloves
SInv    .            (no boots)
Will    .....        (no amulet)
Stlth   ++           i - ring of poison resistance
HPRegen 0.28/turn    m - +5 ring of evasion
MPRegen 0.18/turn

%: no passive effects
@: gold aura
A: no striking features
a: Renounce Religion, Potion Petition, Call Merchant, Bribe Branch


You were on level 5 of the Dungeon.
You worshipped Gozag.
Gozag was aware of your devotion.
You visited 2 branches of the dungeon, and saw 6 of its levels.
You also visited: Sewer.

You collected 314 gold pieces.
You paid 87 gold pieces to Gozag.

Inventory:

Hand Weapons
 a - a +1 short sword of speed (weapon)
Armour
 n - a +0 pair of gloves (worn)
 r - a +0 robe (worn)
Jewellery
 i - a ring of poison resistance (left hand)
 m - a +5 ring of evasion (right hand)
 o - a ring of flight
Scrolls
 c - a scroll of teleportation {unknown}
 j - a scroll of noise {unknown}
 s - a scroll of enchant weapon {unknown}
 t - a scroll of fear {unknown}
Potions
 b - 2 potions of magic
 e - 3 potions of curing {unknown}
 f - a potion of berserk rage {unknown}
 g - 5 potions of brilliance {unknown}
 h - a potion of lignification {unknown}
 k - a potion of haste {unknown}
 l - a potion of might {unknown}
 p - a potion of degeneration {unknown}
 q - a potion of invisibility {unknown}


   Skills:
 + Level 5.4 Fighting
 + Level 8.3 Dodging
 - Level 2.4 Stealth
 - Level 9.0 Spellcasting
 + Level 11.2 Conjurations


You had 14 spell levels left.
You knew the following spells:

 Your Spells              Type           Power      Damage    Failure   Level
a - Magic Dart            Conj           100%       1d8       1%          1
b - Searing Ray           Conj           100%       2d8       1%          2
d - Fulminant Prism       Conj/Hex       20%        3d12      4%          4
e - Iskenderun's Mystic   Conj/Tloc      40%        2d9       4%          4

Your spell library contained the following spells:

 Spells                   Type           Power      Damage    Failure   Level
 Dazzling Flash           Conj/Hex       80%        N/A       1%          3


Dungeon Overview and Level Annotations

Branches:
Dungeon (5/15) Zot: 26539  Temple (1/1) D:5 Zot: 5835   Sewer (visited)

Altars:
Dithmenos
Gozag
Hepliaklqana
Makhleb
Okawaru
Qazlal
Ru
Sif Muna
Trog
Uskayaw
Xom
Yredelemnul

Shops:
D:1 =


Message History

Casting: Fulminant Prism (dangerous; 4% risk of failure)
Confirm with . or Enter, or press ? or * to list all spells.
Aiming: Fulminant Prism (dangerous; 4% risk of failure)
Press: ? - help, Dir - move target You conjure a prism of explosive energy!
A fulminant prism comes into view.
You now have 0/23 mp.
You closely miss the gnoll.
The gnoll is moderately wounded.
The gnoll misses you. The gnoll attacks as you move away!
The gnoll hits you with a +2 whip of electrocution.
Your fulminant prism crackles loudly.
The gnoll bouda hits your fulminant prism with a +0 club!
Your magical contamination has completely faded away.
There is a staircase to the Ecumenical Temple here.
Your fulminant prism explodes!
The blast of energy engulfs the yak!!
You kill the yak!
The blast of energy engulfs the orc!!
You kill the orc!
The blast of energy engulfs the gnoll bouda!!
You kill the gnoll bouda!
The blast of energy engulfs the yak!
The yak is heavily wounded.
The gnoll hits you with a +2 whip of electrocution.
You are electrocuted!
* * * LOW HITPOINT WARNING * * *
The yak is distracted by your dazzling golden aura.
The yak bellows!
You take 17 damage, and have 6/50 hp.
MASSIVE DAMAGE!!
Blink to where?
Press: ? - help, Dir - move target
As you read the scroll labelled BUWOMM UZUVA, it crumbles to dust.
It was a scroll of blinking.
The yak is no longer distracted by gold.
The orc wizard gestures at you while chanting.
The puff of flame hits you.
You die...
Your body crumbles into a pile of gold.

.###########..........# .#
#...............#.# g#
####...##oo........#.#
g###....$$.g..........#.#
Y..Y...#..$#..........#.#####
.......#.⌠.#............. ..#
.....###.Y.###........#.# #.#
...#...........#..#.#.#.###.#####
...#..⌠..>g.⌠.[.@...<...[.......#
.#.......§.....##...........##.##
####.###...###.##.#.....<..###.#
##...#.$.#......#.....##.# #.#
.....#..$#...##.#..##)##.# #o#
..............#.#.....##.# #.#
............#.#.##.......# #.#
............#.#.############.##
............#.#...............#


You could see a yak, 2 orc wizards and a gnoll (swift).

Vanquished Creatures
  4 yaks
  4 kobold brigands (Sewer)
  2 scorpions (D:5)
  A jelly (D:5)
  A gnoll bouda (D:5)
  2 gnolls (D:5)
  4 adders
  5 river rats
  2 dart slugs
  5 orcs (D:5)
  5 ball pythons
  4 bats
  2 endoplasms
  3 giant cockroaches
  2 goblins (D:1)
  A hobgoblin (D:4)
  5 jackals
  9 kobolds
  5 frilled lizards
  7 rats
73 creatures vanquished.

Vanquished Creatures (others)
  9 fulminant prisms (D:5)
9 creatures vanquished.

Grand Total: 82 creatures vanquished

Notes
Turn   | Place    | Note
-------+----------+-------------------------------------------
     0 | D:1      | Psyclone the Deep Elf Conjurer began the quest for the Orb.
     0 | D:1      | Reached XP level 1. HP: 10/10 MP: 6/6
   299 | D:1      | Found Cetaas's Jewellery Emporium.
   307 | D:1      | Reached XP level 2. HP: 15/15 MP: 6/8
   609 | D:1      | Reached skill level 5 in Conjurations
   757 | D:2      | Found a stormy altar of Qazlal.
  1068 | D:2      | Learned a level 2 spell: Searing Ray
  1256 | D:4      | Reached XP level 3. HP: 19/19 MP: 3/9
  1348 | D:5      | Entered Level 5 of the Dungeon
  1391 | D:5      | Noticed a scorpion
  1391 | D:5      | Noticed a yak
  1392 | D:5      | Noticed a yak
  1405 | D:5      | Killed a scorpion
  1406 | D:5      | Reached skill level 6 in Conjurations
  1406 | D:5      | Reached XP level 4. HP: 22/24 MP: 3/10
  1450 | D:5      | Noticed a yak
  1450 | D:5      | Noticed a yak
  1451 | D:5      | Noticed a yak
  1505 | D:5      | Found a staircase to the Ecumenical Temple.
  1512 | Temple   | Entered the Ecumenical Temple
  1536 | Temple   | Became a worshipper of Gozag Ym Sagoz the Greedy
  1619 | D:5      | Noticed a yak
  1641 | D:5      | Found a glowing drain.
  1709 | Sewer    | Entered a sewer
  1780 | Sewer    | Reached skill level 7 in Conjurations
  1780 | Sewer    | Reached XP level 5. HP: 28/28 MP: 7/11
  2089 | Sewer    | Reached skill level 8 in Conjurations
  2089 | Sewer    | Reached XP level 6. HP: 32/32 MP: 3/12
  2203 | Sewer    | Reached skill level 5 in Fighting
  2203 | Sewer    | Reached skill level 10 in Conjurations
  2203 | Sewer    | Reached XP level 7. HP: 44/44 MP: 13/21
  2557 | Sewer    | Reached skill level 11 in Conjurations
  2849 | D:5      | Learned a level 4 spell: Fulminant Prism
  2854 | D:5      | Learned a level 4 spell: Iskenderun's Mystic Blast
  2885 | D:5      | Killed a yak
  2897 | Temple   | Killed a yak
  2898 | Temple   | Reached XP level 8. HP: 22/49 MP: 0/22
  3068 | D:5      | Killed from afar by an orc wizard

Illustrated notes

Levels and vault maps discovered:
D:1:      onia_arrival_mini_spirals, layout_loops_ring, serial_shops, shop
D:2:      layout_rooms, basic_altar, reono_crystal_passage, minmay_tetromino_l2,
          uniq_robin, uniq_jessica, uniq_crazy_yiuf_cottage
D:3:      layout_loops_ring, uniq_sigmund, uniq_natasha
D:4:      layout_rooms, ebering_ghost_sewer_d, nicolae_take_the_stairs,
          grunt_ministairs_6, ebering_dispersal_statue_hall,
          minmay_ogre_servants
D:5:      nicolae_cairo_tiling_large, layout_basic, slow_altar_2,
          minmay_temple_entry_junction_2, portal_sewer_entry_b
Temple:   nicolae_temple_bog_church

Skill      XL: |  1  2  3  4  5  6  7  8 |
---------------+-------------------------+-----
Conjurations   | 5 6 7 8 10 11 | 11.2
Fighting       | 5 |  5.4
Dodging        | 7 8 |  8.3
Spellcasting   | 8 9 |  9.0
Stealth        | |  2.4

Action                     |  1- 3 |  4- 6 |  7- 9 || total
---------------------------+-------+-------+-------++-------
  Melee: Unarmed           |       |    27 |       ||    27
         Short sword       |       |       |    13 ||    13
         Dagger            |       |       |     4 ||     4
   Cast: Magic Dart        |    45 |    21 |     2 ||    68
         Searing Ray       |     1 |    14 |     8 ||    23
         Fulminant Prism   |       |       |     9 ||     9
    Use: Potion            |       |     1 |       ||     1
         Scroll            |       |       |     1 ||     1
 Armour: Robe              |     3 |     8 |     3 ||    14
  Dodge: Dodged            |    11 |    52 |    43 ||   106
